 Dungeon Crawl Stone Soup version 0.29.1-2-gbd0b4ee654 (webtiles) character file.

Game seed: 73804441620092808

286 raph the Grave Robber (level 6, 0/43 HPs)
             Began as a Human Necromancer on Nov 5, 2022.
             Killed from afar by an orc wizard (5 damage)
             ... with a magic dart
             ... on level 4 of the Dungeon.
             The game lasted 00:07:22 (3982 turns).

raph the Grave Robber (Human Necromancer)           Turns: 3982, Time: 00:07:23

Health: 0/43       AC:  5    Str:  8    XL:     6   Next: 56%
Magic:  7/9        EV: 12    Int: 18    God:
Gold:   149        SH:  0    Dex: 13    Spells: 1/9 levels left

rFire   . . .      SeeInvis .   c - +0 spear (vamp)
rCold   . . .      Faith    .   (no shield)
rNeg    . . .      Spirit   .   a - +0 robe
rPois   .          Reflect  .   (no helmet)
rElec   .          Harm     .   f - +0 cloak
rCorr   .          Rampage  .   l - +0 pair of gloves
Will    .....                   j - +0 pair of boots
Stlth   ++........              (no amulet)
HPRegen 0.14/turn               (no ring)
MPRegen 0.11/turn               (no ring)

@: no status effects
A: no striking features
a: no special abilities


You were on level 4 of the Dungeon.
You visited 1 branch of the dungeon, and saw 4 of its levels.

You collected 149 gold pieces.

Inventory:

Hand Weapons
 c - a +0 vampiric spear (weapon)
Missiles
 b - 4 poisoned darts
 o - 7 boomerangs
Armour
 a - a +0 robe (worn)
 f - a +0 cloak (worn)
 j - a +0 pair of boots (worn)
 l - a +0 pair of gloves (worn)
Jewellery
 m - a +6 ring of intelligence
Wands
 n - a wand of iceblast (10)
Scrolls
 q - a scroll of silence {unknown}
 r - a scroll of fog
 s - a scroll of fear {unknown}
Potions
 d - a potion of mutation
 e - a potion of attraction
 h - a potion of curing {unknown}
 i - a potion of haste {unknown}
 k - a potion of lignification {unknown}
 p - a potion of might {unknown}


   Skills:
 + Level 1.3 Fighting
 - Level 2.0 Dodging
 - Level 2.0 Stealth
 + Level 2.4 Spellcasting
 + Level 7.0 Necromancy


You had one spell level left.
You knew the following spells:

 Your Spells              Type           Power      Damage    Failure   Level
a - Necrotise             Necr           100%       1d9       1%          1
b - Vampiric Draining     Necr           27%        2d7       3%          3
c - Animate Dead          Necr           27%        N/A       10%         4

Your spell library contained the following spells:

 Spells                   Type           Power      Damage    Failure   Level
 Summon Small Mammal      Summ           8%         N/A       17%         1
 Sublimation of Blood     Necr           27%        N/A       1%          2
 Agony                    Necr           27%        N/A       26%         5
 Call Canine Familiar     Summ           2%         N/A       45%         3
 Gell's Gravitas          Tloc           2%         N/A       45%         3
 Summon Guardian Golem    Hex/Summ       2%         N/A       45%         3
 Teleport Other           Tloc           2%         N/A       45%         3
 Petrify                  Tmut/Erth      2%         N/A       86%         4
 Irradiate                Conj/Tmut      1%         3d12      99%         5
 Dispersal                Tloc           1%         N/A       100%        6


Dungeon Overview and Level Annotations

Branches:
Dungeon (4/15)
 Temple: D:4-7

Altars:
Gozag
Uskayaw
Zin
The Shining One

Annotations:
D:1 2 transporters
D:3 Sigmund


Message History

Press: ? - help, Dir - move target You reach to attack!
You closely miss something.
An orc wizard appears from thin air!
Reactivating autopickup.
Your orc zombie hits the orc wizard.
The orc wizard hits your orc zombie with a +0 dagger.
Your quokka zombie bites the orc wizard.
Reach: c) +0 spear (vamp)
Press: ? - help, Dir - move target, f - orc wizard
Aim: an orc wizard, wielding a +0 dagger and wearing a +0 robe (heavily wounded, ally target, about 49% to evade your +0 vampiric spear)
You could not reach far enough!
The orc wizard barely misses your orc zombie.
Your quokka zombie barely misses the orc wizard.
Your orc zombie barely misses the orc wizard.
Reach: c) +0 spear (vamp)
Press: ? - help, Dir - move target, f/p - orc wizard
Aim: an orc wizard, wielding a +0 dagger and wearing a +0 robe (heavily wounded, ally target, about 49% to evade your +0 vampiric spear)
You reach to attack!
You completely miss the orc wizard.
The orc wizard is heavily wounded.
The orc wizard barely misses your orc zombie.
Your quokka zombie misses the orc wizard.
Your orc zombie closely misses the orc wizard.
Reach: c) +0 spear (vamp)
Press: ? - help, Dir - move target, f/p - orc wizard
Aim: an orc wizard, wielding a +0 dagger and wearing a +0 robe (heavily wounded, ally target, about 49% to evade your +0 vampiric spear)
You reach to attack!
You closely miss the orc wizard.
The orc wizard is heavily wounded.
The orc wizard barely misses your orc zombie.
Your quokka zombie barely misses the orc wizard.
Your orc zombie closely misses the orc wizard.
Reach: c) +0 spear (vamp)
Press: ? - help, Dir - move target, f/p - orc wizard
Aim: an orc wizard, wielding a +0 dagger and wearing a +0 robe (heavily wounded, ally target, about 49% to evade your +0 vampiric spear)
You could not reach far enough!
The orc wizard hits your orc zombie with a +0 dagger.
Your orc zombie is destroyed!
Your quokka zombie barely misses the orc wizard.
The orc wizard points at you and mumbles some strange words.
The magic dart hits you.
You die...

.... ..###..... ... #...#.
# .. ## # #...#.
#..###.#####..# ##..##.
#......)..##..# #...##.
#)......# ##...##. #..
##......####....##. ....
##Zo..#..##.....##. .....
#.@#####........#.. ......
##..# #...####.....
......##..## ##..## ###...
..........# #..## ##..
.........#####..## #..
.................# ##.
.................## ###.
#.......#####....######...
#.......# ##............


You could see an orc wizard (ally target) and a friendly quokka zombie.

Vanquished Creatures
  A scorpion (D:4)
  An orc priest (D:2)
  Jessica (D:2)
  An iguana (D:4)
  5 adders
  An ufetubus (D:4)
  2 worms (D:3)
  3 dart slugs
  8 orcs
  3 ball pythons
  2 endoplasms
  A giant cockroach (D:1)
  2 goblins
  11 hobgoblins
  10 jackals
  3 kobolds
  A quokka (D:4)
  5 bats
  9 frilled lizards
  3 rats
73 creatures vanquished.

Vanquished Creatures (collateral kills)
  A worm (D:2)
  A goblin (D:2)
  A hobgoblin (D:3)
  A quokka (D:1)
  A ball python (D:2)
5 creatures vanquished.

Vanquished Creatures (others)
  An orc zombie (D:4)
1 creature vanquished.

Grand Total: 79 creatures vanquished

Notes
Turn   | Place    | Note
-------+----------+-------------------------------------------
     0 | D:1      | raph the Human Necromancer began the quest for the Orb.
     0 | D:1      | Reached XP level 1. HP: 13/13 MP: 3/3
   151 | D:1      | Reached XP level 2. HP: 19/19 MP: 1/5
   686 | D:1      | Found a faded altar of an unknown god.
   719 | D:1      | Reached XP level 3. HP: 16/24 MP: 0/6
  1110 | D:1      | Reached skill level 5 in Necromancy
  1544 | D:2      | Learned a level 3 spell: Vampiric Draining
  1625 | D:2      | Noticed Jessica
  1634 | D:2      | Killed Jessica
  1635 | D:2      | Reached XP level 4. HP: 30/30 MP: 3/7
  1875 | D:2      | Found a glowing silver altar of Zin.
  2388 | D:3      | Reached XP level 5. HP: 35/35 MP: 3/8
  2482 | D:3      | Reached skill level 6 in Necromancy
  2482 | D:3      | Noticed Sigmund
  3075 | D:3      | Found an opulent altar of Gozag.
  3321 | D:3      | Learned a level 4 spell: Animate Dead
  3510 | D:3      | Found a hide-covered altar of Uskayaw.
  3712 | D:4      | Reached XP level 6. HP: 42/42 MP: 5/9
  3832 | D:4      | Reached skill level 1 in Fighting
  3926 | D:4      | Found a glowing golden altar of the Shining One.
  3942 | D:4      | Reached skill level 7 in Necromancy
  3982 | D:4      | Killed from afar by an orc wizard

Illustrated notes

Levels and vault maps discovered:
D:1:      spicycebolla_arrival_transporter_tutorial, layout_basic,
          hellmonk_ecumenical_altar_run_dry, dreamdust_princess_bridge
D:2:      layout_basic, basic_altar, uniq_jessica
D:3:      layout_loops_cross, grunt_gozag_statues, nicolae_uskayaw_suspiria,
          nicolae_wormholes, uniq_sigmund
D:4:      layout_layer_cave, lemuel_round_altar, overflow_temple_1_default,
          kennysheep_generic_room_15

Skill      XL: |  1  2  3  4  5  6 |
---------------+-------------------+-----
Necromancy     | 5 6 7 |  7.0
Fighting       | 1 |  1.3
Dodging        | |  2.0
Stealth        | |  2.0
Spellcasting   | |  2.4

Action                   |  1- 3 |  4- 6 || total
-------------------------+-------+-------++-------
Melee: Unarmed           |    12 |       ||    12
       Spear             |    25 |    76 ||   101
       Punch             |       |     1 ||     1
 Cast: Necrotise         |    47 |    80 ||   127
       Vampiric Draining |       |     6 ||     6
       Animate Dead      |       |     1 ||     1
  Use: Scroll            |     1 |     6 ||     7
       Potion            |     1 |     1 ||     2
Armor: Robe              |     9 |    37 ||    46
Dodge: Dodged            |    23 |    75 ||    98
